 Dungeon Crawl Stone Soup version 0.29-a0-495-g17b79114eb (webtiles) character file.

Game seed: 13081807142917301863

46 grumblor the Skirmisher (level 3, -2/29 HPs)
             Began as a Mummy Fighter on May 27, 2022.
             Slain by a gnoll
             ... wielding a +0 flail
              (4 damage)
             ... on level 2 of the Dungeon.
             The game lasted 00:03:31 (1089 turns).

grumblor the Skirmisher (Mummy Fighter)             Turns: 1089, Time: 00:03:31

Health: -2/29      AC:  6    Str: 21    XL:     3   Next: 46%
Magic:  3/3        EV:  9    Int:  7    God:
Gold:   41         SH:  4    Dex: 11    Spells: 2/2 levels left

rFire   x . .      SeeInvis .   a - +0 war axe
rCold   + . .      Faith    .   c - +0 buckler
rNeg    + + +      Spirit   .   b - +0 scale mail
rPois   ∞          Reflect  .   (no helmet)
rElec   .          Harm     .   (no cloak)
rCorr   .          Rampage  .   (no gloves)
Will    .....                   (no boots)
Stlth   ..........              (no amulet)
HPRegen 0.09/turn               (no ring)
MPRegen 0.08/turn               (no ring)

@: no status effects
A: cold resistance 1, negative energy resistance 3, torment resistance 2, heat
vulnerability 1, in touch with death 1, no potions
a: no special abilities


You were on level 2 of the Dungeon.
You visited 1 branch of the dungeon, and saw 2 of its levels.

You collected 41 gold pieces.

Inventory:

Hand Weapons
 a - a +0 war axe (weapon)
Missiles
 d - 11 poisoned darts (quivered)
 g - 3 javelins
Armour
 b - a +0 scale mail (worn)
 c - a +0 buckler (worn)
Scrolls
 f - a scroll of fear {unknown}
 h - a scroll of blinking {unknown}


   Skills:
 * Level 3.6 Fighting
 + Level 2.2 Axes
 * Level 0.7 Throwing
 - Level 2.4 Armour
 * Level 0.6 Dodging
 - Level 2.4 Shields


You had 2 spell levels left.
You didn't know any spells.
Your spell library contained the following spells:

 Spells                   Type           Power      Damage    Failure   Level
 Apportation              Tloc           0%         N/A       86%         1
 Slow                     Hex            0%         N/A       86%         1
 Confusing Touch          Hex            0%         N/A       99%         3
 Vampiric Draining        Necr           0%         2d6       99%         3
 Alistair's Intoxication  Tmut/Pois      0%         N/A       100%        5


Dungeon Overview and Level Annotations

Branches:
Dungeon (2/15)

Altars:

Shops:
D:1 ?   D:2 :


Innate Abilities, Weirdness & Mutations

You are immune to poison.
Your flesh is cold resistant. (rC+)
You are immune to negative energy. (rN+++)
You are immune to unholy pain and torment.
You are vulnerable to heat. (rF-)
You are in touch with the powers of death.
You do not drink.


Message History

You barely miss the gnoll. You slash the gnoll! You block the gnoll's attack.
The gnoll hits you with a +0 flail. You block the gnoll's attack.
The giant cockroach bites you. The gnoll hits you with a +0 flail. x2
* * * LOW HITPOINT WARNING * * *
The gnoll closely misses you.
You are too injured to fight recklessly!
Unknown command.
You are too injured to fight recklessly!
Unknown command.
You are too injured to fight recklessly!
You are too injured to fight recklessly!
Unknown command.
You are too injured to fight recklessly!
You are too injured to fight recklessly!
Unknown command.
You are too injured to fight recklessly!
Unknown command.
You are too injured to fight recklessly!
Unknown command.
You closely miss the gnoll.
The gnoll is heavily wounded.
You hit the gnoll. You hit the giant cockroach. You slash the gnoll!
You kill the gnoll!
The giant cockroach closely misses you. The gnoll hits you with a +0 halberd.
* * * LOW HITPOINT WARNING * * *
The gnoll closely misses you. The giant cockroach bites you.
* * * LOW HITPOINT WARNING * * *
Unknown command.
Unknown command.
Unknown command.
Unknown command.
Unknown command.
Unknown command.
You slash the gnoll!
You kill the gnoll!
You closely miss the giant cockroach. You hit the gnoll.
The gnoll closely misses you.
The giant cockroach bites you but does no damage.
The gnoll hits you with a +0 flail.
You die...

# #######.# # #
#..)..#.#.#.# #
+..)@B......# #
#..g#.....## # #
###.###..!... ##.# .
#...#.#.### ....
...#####...#.## #
###......###..#####.#.##
...$..B.................
.......#.####..####.....
....##.#.....#.## ....#


You could see a gnoll and a giant cockroach.

Vanquished Creatures
  2 gnolls (D:2)
  A worm (D:2)
  2 dart slugs (D:1)
  2 ball pythons (D:1)
  5 endoplasms (D:1)
  A giant cockroach (D:2)
  4 goblins
  4 hobgoblins (D:1)
  A kobold (D:1)
  A quokka (D:1)
  2 bats
  A frilled lizard (D:1)
  3 rats
29 creatures vanquished.

Notes
Turn   | Place    | Note
-------+----------+-------------------------------------------
     0 | D:1      | grumblor the Mummy Fighter began the quest for the Orb.
     0 | D:1      | Reached XP level 1. HP: 18/18 MP: 1/1
   117 | D:1      | Reached XP level 2. HP: 22/24 MP: 2/2
   310 | D:1      | Found Urphuczy's Magic Scroll Emporium.
   766 | D:1      | Gained mutation: You are in touch with the powers of death.
                  | [Mummy growth]
   766 | D:1      | Reached XP level 3. HP: 29/29 MP: 3/3
   889 | D:2      | Found Jaenaly's Book Boutique.
  1089 | D:2      | Slain by a gnoll

Illustrated notes

Levels and vault maps discovered:
D:1:      dpeg_arrival_rooms_c, layout_rooms, serial_corexii_hall,
          chequers_hall_statues_corner_a, chequers_hall_statues_corner_a,
          chequers_hall_statues_wall_a, corexii_hall_statues_t, serial_shops,
          shop, nicolae_concentric_dashed_squares_mild
D:2:      layout_basic, nicolae_ecumenical_pavilion, serial_shops, shop

Skill      XL: |  1  2 |
---------------+-------+-----
Axes           | 2 |  2.2
Fighting       | |  3.6
Throwing       | |  0.7
Armour         | |  2.4
Dodging        | |  0.6
Shields        | |  2.4

Action                   || total
-------------------------++-------
Melee: War axe           ||    76
  Use: Scroll            ||     2
Armor: Scale mail        ||    34
Dodge: Dodged            ||    40
Block: Buckler           ||    19

Table legend: (Time is in decaauts)
 A = Elapsed time spent in this place.
 B = Non-inter-level travel time spent in this place.
 C = Inter-level travel time spent in this place.
 D = Time resting spent in this place.
 E = Time spent auto-exploring this place.
 F = Levels seen in this place.
 G = Mean time per level.
                   A        B        C        D        E       F      G
               +--------+--------+--------+--------+--------+-----+--------+
         Total |   1122 |   1088 |     34 |      0 |    881 |   2 |  561.0 |
       Dungeon |   1122 |   1088 |     34 |      0 |    881 |   2 |  561.0 |
               +--------+--------+--------+--------+--------+-----+--------+

Top non-repeatable levels by time:
     D:1: 895 daAuts
     D:2: 227 daAuts
